 Dungeon Crawl Stone Soup version 0.19-a0-1210-g5c1aa26 (webtiles) character file.

87 truemonolith the Insei (level 4, -4/38 HPs)
             Began as a Draconian Monk on Aug 22, 2016.
             Slain by Dirtsage's ghost (6 damage)
             ... on level 3 of the Dungeon.
             The game lasted 00:06:17 (3031 turns).

truemonolith the Insei (Draconian Monk)             Turns: 3031, Time: 00:06:17

Health: -4/38      AC:  6    Str: 12 (13) XL:     4   Next: 28%
Magic:  4/4        EV: 10    Int:  9 (10) God:
Gold:   248        SH:  0    Dex: 12 (15) Spells: 0 memorised, 3 levels left

rFire  . . .     SeeInvis .       - Unarmed
rCold  . . .     Gourm    .     (armour unavailable)
rNeg   . . .     Faith    .     (no shield)
rPois  .         Spirit   .     (helmet restricted)
rElec  .         Dismiss  .     (no cloak)
rCorr  .         Reflect  .     (no gloves)
MR     .....     Harm     .     d - +0 pair of boots
Stlth  ++........               (no amulet)
                                (no ring)
                                (no ring)

@: constricted
A: unfitting armour, cold-blooded, AC +5
a: no special abilities


You were on level 3 of the Dungeon.
You were not hungry.

You visited 1 branch of the dungeon, and saw 3 of its levels.

You collected 248 gold pieces.

Inventory:

Armour
 d - a +0 pair of boots (worn)
Jewellery
 c - an uncursed ring of stealth {unknown}
 g - a cursed amulet of inaccuracy
Scrolls
 b - 3 scrolls of teleportation
 e - a scroll of identify
 i - a scroll of remove curse {unknown}
 j - 4 scrolls of enchant weapon {unknown}
Comestibles
 a - a bread ration
 h - a meat ration


   Skills:
 - Level 3.2 Fighting
 - Level 2.6 Dodging
 - Level 1.7 Stealth
 + Level 5.1 Unarmed Combat


You had 3 spell levels left.
You didn't know any spells.

Dungeon Overview and Level Annotations

Branches:
Dungeon (3/15)

Altars:
Nemelex Xobeh

Annotations:
D:3 Dirtsage's ghost, amateur DsMo


Innate Abilities, Weirdness & Mutations

Your plain brown scales are hard. (AC +5)
Your body does not fit into most forms of armour.
You are cold-blooded and may be slowed by cold attacks.


Message History

Dirtsage's ghost is moderately damaged.
Dirtsage's ghost hits you.
The ball python bites you but does no damage.
The ball python constricts you.
You closely miss Dirtsage's ghost.
Your tail-slap misses Dirtsage's ghost.
Dirtsage's ghost is moderately damaged.
The ball python bites you but does no damage.
The ball python constricts you. Dirtsage's ghost hits you!
* * * LOW HITPOINT WARNING * * *
You hit Dirtsage's ghost.
Dirtsage's ghost is heavily damaged.
The ball python bites you but does no damage.
The ball python constricts you.
Dirtsage's ghost hits you but does no damage.
You barely miss Dirtsage's ghost.
Dirtsage's ghost is heavily damaged.
The ball python bites you but does no damage.
* * * LOW HITPOINT WARNING * * *
The ball python constricts you. Dirtsage's ghost hits you.
You die...

..#.......###.[# #.# #.#
#.............## #.# #.#
..........########.# #.#
...#...............# #.#
.######.....#####..# #.#
>.......#.#........###.#
#......##.#####.....##[#
.......##...........##.####
((......#......W@S.......<#
##..................##.####
....####.............#.#
...................#.#.#####
.................#.........#
##########...###...........#
.....### ##.##
###.........#####.
####.<.####.####
#...............
###.........###.........#####.


You could see Dirtsage's ghost and a ball python.

Vanquished Creatures
  2 adders (D:2)
  An ooze (D:2)
  3 worms
  2 dart slugs (D:2)
  A giant gecko (D:1)
  3 ball pythons
  3 giant cockroaches
  6 goblins
  6 hobgoblins
  6 kobolds
  2 quokkas
  4 bats
  3 giant newts (D:1)
  9 rats
  A fungus (D:2)
52 creatures vanquished.

Notes
Turn   | Place    | Note
-------+----------+-------------------------------------------
     0 | D:1      | truemonolith the Draconian Monk began the quest for the Orb.
     0 | D:1      | Reached XP level 1. HP: 19/19 MP: 1/1
   101 | D:1      | Reached XP level 2. HP: 8/26 MP: 2/2
   856 | D:1      | Reached skill level 4 in Unarmed Combat
  1044 | D:2      | Reached XP level 3. HP: 31/31 MP: 3/3
  1568 | D:2      | Reached XP level 4. HP: 26/38 MP: 4/4
  2041 | D:3      | Reached skill level 5 in Unarmed Combat
  2197 | D:3      | Found a sparkling altar of Nemelex Xobeh.
  2212 | D:3      | Noticed Dirtsage's ghost (amateur DsMo)
  2235 | D:3      | HP: 1/38 [kobold (2)]
  3031 | D:3      | Slain by Dirtsage's ghost

Vault maps used:
D:1:      dpeg_arrival_stone_temple_mockup, serial_bayou_pond_a
D:2:      minmay_liquid_box, minmay_misc_feat_alley, minmay_gold_behind_fungi,
          serial_bayou_crossing
D:3:      overflow_temple_1_default, nicolae_overflow_hidden_temple

Skill      XL: |  1  2  3  4 |
---------------+-------------+-----
Unarmed Combat | 4 5 |  5.1
Fighting       | |  3.2
Dodging        | |  2.6
Stealth        | |  1.7

Action                   |  1- 3 |  4- 6 || total
-------------------------+-------+-------++-------
Melee: Unarmed           |   139 |    71 ||   210
       Tailslap          |    18 |     4 ||    22
       Punch             |     6 |       ||     6
  Use: Potion            |     1 |     2 ||     3
       Scroll            |       |     2 ||     2
 Stab: Sleeping          |     2 |     1 ||     3
  Eat: Chunk             |     2 |     1 ||     3
       Bread ration      |       |     1 ||     1
Armor: Skin              |    29 |    18 ||    47
Dodge: Dodged            |    89 |    55 ||   144
